Workbook

Sheet Resumen
A1: =Gral!A1 -> E22-0001 | C1: CRITERIOS DE VALORACIÓN TÉCNICA | H1: VALORACIÓN TÉCNICA
B2: EMPRESA / UTE | C2: 2. CUALIFICACIÓN Y EXPERIENCIA PROFESIONAL Y DOCENTE (60%) | H2: VT
C3: 2.1. Cualificación profesional (20%) | D3: 2.2. Experiencia como Docente (15%) | E3: 2.3. Experiencia profesional adicional a la exigida en PPT como asesor en materia de contratación pública (15%) | F3: 2.4. Publicaciones en revistas, blogs de contratación, autoría de libros, etc., relacionadas con el objeto del contrato (7%). | G3: 2.5. Colaboración internacional del consultor/a (3%) | J3: OBSERVACIONES:
A4: 1 | B4: ARAÚJO&BENETTI | C4: =Gral!C4 -> 15 | D4: =Gral!C5 -> 0.72 | E4: =Gral!C6 -> 0 | F4: =Gral!C7 -> 2.8 | G4: =Gral!C8 -> 0 | H4: =SUM(C4:G5) -> 18.52 | I4: =IF(H4<=36,"NO ACEPTABLE","ACEPTABLE") -> NO ACEPTABLE
A6: 2 | B6: EGUESAN ENERGY, S.L | C6: =Gral!D4 -> 0 | D6: =Gral!D5 -> 2.031 | E6: =Gral!D6 -> 10.7145 | F6: =Gral!D7 -> 0 | G6: =Gral!D8 -> 3 | H6: =SUM(C6:G7) -> 15.7455 | I6: =IF(H6<=36,"NO ACEPTABLE","ACEPTABLE") -> NO ACEPTABLE
A8: 3 | B8: LACASA ABOGADOS | C8: =Gral!E4 -> 20 | D8: =Gral!E5 -> 0.5895 | E8: =Gral!E6 -> 0 | F8: =Gral!E7 -> 3.5 | G8: =Gral!E8 -> 0 | H8: =SUM(C8:G9) -> 24.0895 | I8: =IF(H8<=36,"NO ACEPTABLE","ACEPTABLE") -> NO ACEPTABLE
A10: 4 | B10: MONTALVO ASOCIADOS | C10: =Gral!F4 -> 20 | D10: =Gral!F5 -> 0.5895 | E10: =Gral!F6 -> 0 | F10: =Gral!F7 -> 0 | G10: =Gral!F8 -> 0 | H10: =SUM(C10:G11) -> 20.5895 | I10: =IF(H10<=36,"NO ACEPTABLE","ACEPTABLE") -> NO ACEPTABLE
A12: 5 | B12: VAN BEVEREN | C12: =Gral!G4 -> 20 | D12: =Gral!G5 -> 2.358 | E12: =Gral!G6 -> 0 | F12: =Gral!G7 -> 7 | G12: =Gral!G8 -> 3 | H12: =SUM(C12:G13) -> 32.358 | I12: =IF(H12<=36,"NO ACEPTABLE","ACEPTABLE") -> NO ACEPTABLE
A14: 6 | B14: JAVIER VÁZQUEZ | C14: =Gral!H4 -> 20 | D14: =Gral!H5 -> 15 | E14: =Gral!H6 -> 15 | F14: =Gral!H7 -> 7 | G14: =Gral!H8 -> 3 | H14: =SUM(C14:G15) -> 60 | I14: =IF(H14<=36,"NO ACEPTABLE","ACEPTABLE") -> ACEPTABLE
A16: 7 | B16: yKsios DIGITAL GROWTH | C16: =Gral!I4 -> 20 | D16: =Gral!I5 -> 3.4065 | E16: =Gral!I6 -> 15 | F16: =Gral!I7 -> 7 | G16: =Gral!I8 -> 3 | H16: =SUM(C16:G17) -> 48.4065 | I16: =IF(H16<=36,"NO ACEPTABLE","ACEPTABLE") -> ACEPTABLE
B19: INACEPTABLE < 36
B20: SUFICIENTE > = 36

Sheet Gral
A1: E22-0001
A2: SERVICIO DE ASISTENCIA TÉCNICA ESPECIALIZADA EN CONTRATACIÓN PÚBLICA PARA LA AUTORIDAD PORTUARIA DE BALEARES | B2: Peso | C2: =Resumen!B4 -> ARAÚJO&BENETTI | D2: =Resumen!B6 -> EGUESAN ENERGY, S.L | E2: =Resumen!B8 -> LACASA ABOGADOS | F2: =Resumen!B10 -> MONTALVO ASOCIADOS | G2: =Resumen!B12 -> VAN BEVEREN | H2: =Resumen!B14 -> JAVIER VÁZQUEZ | I2: =Resumen!B16 -> yKsios DIGITAL GROWTH
A3: 2. CUALIFICACIÓN Y EXPERIENCIA PROFESIONAL Y DOCENTE (60%) | B3: =SUM(B4:B8) -> 60 | C3: =SUM(C4:C8) -> 18.52 | D3: =SUM(D4:D8) -> 15.7455 | E3: =SUM(E4:E8) -> 24.0895 | F3: =SUM(F4:F8) -> 20.5895 | G3: =SUM(G4:G8) -> 32.358 | H3: =SUM(H4:H8) -> 60 | I3: =SUM(I4:I8) -> 48.4065
A4: 2.1. Cualificación profesional (20%) | B4: 20 | C4: =(Desglosado_subcriterios!D5*Gral!$B$4)/100 -> 15 | D4: =(Desglosado_subcriterios!F5*Gral!$B$4)/100 -> 0 | E4: =(Desglosado_subcriterios!H5*Gral!$B$4)/100 -> 20 | F4: =(Desglosado_subcriterios!J5*Gral!$B$4)/100 -> 20 | G4: =(Desglosado_subcriterios!L5*Gral!$B$4)/100 -> 20 | H4: =(Desglosado_subcriterios!N5*Gral!$B$4)/100 -> 20 | I4: =(Desglosado_subcriterios!P5*Gral!$B$4)/100 -> 20
A5: 2.2. Experiencia como Docente (15%) | B5: 15 | C5: =(Desglosado_subcriterios!D7*Gral!$B$5)/100 -> 0.72 | D5: =(Desglosado_subcriterios!F7*Gral!$B$5)/100 -> 2.031 | E5: =(Desglosado_subcriterios!H7*Gral!$B$5)/100 -> 0.5895 | F5: =(Desglosado_subcriterios!J7*Gral!$B$5)/100 -> 0.5895 | G5: =(Desglosado_subcriterios!L7*Gral!$B$5)/100 -> 2.358 | H5: =(Desglosado_subcriterios!N7*Gral!$B$5)/100 -> 15 | I5: =(Desglosado_subcriterios!P7*Gral!$B$5)/100 -> 3.4065
A6: 2.3. Experiencia profesional adicional a la exigida en PPT como asesor en materia de contratación pública (15%) | B6: 15 | C6: =(Desglosado_subcriterios!D10*Gral!$B$6)/100 -> 0 | D6: =(Desglosado_subcriterios!F10*Gral!$B$6)/100 -> 10.7145 | E6: =(Desglosado_subcriterios!H10*Gral!$B$6)/100 -> 0 | F6: =(Desglosado_subcriterios!J10*Gral!$B$6)/100 -> 0 | G6: =(Desglosado_subcriterios!L10*Gral!$B$6)/100 -> 0 | H6: =(Desglosado_subcriterios!N10*Gral!$B$6)/100 -> 15 | I6: =(Desglosado_subcriterios!P10*Gral!$B$6)/100 -> 15
A7: 2.4. Publicaciones en revistas, blogs de contratación, autoría de libros, etc., relacionadas con el objeto del contrato (7%). | B7: 7 | C7: =(Desglosado_subcriterios!D11*Gral!$B$7)/100 -> 2.8 | D7: =(Desglosado_subcriterios!F11*Gral!$B$7)/100 -> 0 | E7: =(Desglosado_subcriterios!H11*Gral!$B$7)/100 -> 3.5 | F7: =(Desglosado_subcriterios!J11*Gral!$B$7)/100 -> 0 | G7: =(Desglosado_subcriterios!L11*Gral!$B$7)/100 -> 7 | H7: =(Desglosado_subcriterios!N11*Gral!$B$7)/100 -> 7 | I7: =(Desglosado_subcriterios!P11*Gral!$B$7)/100 -> 7
A8: 2.5. Colaboración internacional del consultor/a (3%) | B8: 3 | C8: =(Desglosado_subcriterios!D13*Gral!$B$8)/100 -> 0 | D8: =(Desglosado_subcriterios!F13*Gral!$B$8)/100 -> 3 | E8: =(Desglosado_subcriterios!H13*Gral!$B$8)/100 -> 0 | F8: =(Desglosado_subcriterios!J13*Gral!$B$8)/100 -> 0 | G8: =(Desglosado_subcriterios!L13*Gral!$B$8)/100 -> 3 | H8: =(Desglosado_subcriterios!N13*Gral!$B$8)/100 -> 3 | I8: =(Desglosado_subcriterios!P13*Gral!$B$8)/100 -> 3
A9: Valoración Técnica VT
A11: PUNTUACIÓN ORDINAL | C11: =_xlfn.RANK.EQ(C9,$C$9:$C$9) -> #N/A
A16: NOTA ACLARATORIA: La redacción de este informe busca informar sobre la evaluación de la documentación aportada por los licitadores mediante los criterios automaticos relacionados con la calidad (2. CUALIFICACIÓN Y EXPERIENCIA PROFESIONAL Y DOCENTE), ya que su puntuación depende de la correcta acreditación de lo ofertado por los licitadores mediante los documentos requeridos en c/u de los criterios como indica el Pliego y no solamente de lo ofertado en la plataforma de contratación. Ademas, de que las ofertas se clasificaran como aceptables y no aceptables de conformidad con el art.146.3 LCSP.

Sheet Desglosado_subcriterios
A1: =Gral!A1 -> E22-0001 | D1: =Gral!C2 -> ARAÚJO&BENETTI | F1: =Gral!D2 -> EGUESAN ENERGY, S.L | H1: =Gral!E2 -> LACASA ABOGADOS | J1: =Gral!F2 -> MONTALVO ASOCIADOS | L1: =Gral!G2 -> VAN BEVEREN | N1: =Gral!H2 -> JAVIER VÁZQUEZ | P1: =Gral!I2 -> yKsios DIGITAL GROWTH
A2: =+Gral!A2 -> SERVICIO DE ASISTENCIA TÉCNICA ESPECIALIZADA EN CONTRATACIÓN PÚBLICA PARA LA AUTORIDAD PORTUARIA DE BALEARES | B2: Criterios | C2: Peso | D2: Puntuación | E2: Comentarios | F2: Puntuación | G2: Comentarios | H2: Puntuación | I2: Comentarios | J2: Puntuación | K2: Comentarios | L2: Puntuación | M2: Comentarios | N2: Puntuación | O2: Comentarios | P2: Puntuación | Q2: Comentarios
A3: =+Gral!A3 -> 2. CUALIFICACIÓN Y EXPERIENCIA PROFESIONAL Y DOCENTE (60%)
A4: Se valorará la cualificación y experiencia profesional de la persona designada como consultor/a de referencia del contrato a entidades del sector público, así como su experiencia en relación a la impartición de cursos, impartición de clases universitarias, etc., y el número de publicaciones (artículos, libros, etc.) en materia de contratación pública y su participación como colaborador internacional.
A5: =Gral!A4 -> 2.1. Cualificación profesional (20%) | B5: (Máximo 100 puntos antes de aplicar el coeficiente de ponderación). Se valorará la formación especializada en materia de contratación pública de la persona designada como consultor/a de referencia del contrato. Se obtendrá la siguiente puntuación: - Si está en posesión de título de Doctor experto en contratación pública: obtendrá la una puntuación de máxima puntuación:100 puntos. - Si está en posesión de título de máster o equivalente en materia de contratación pública: obtendrá: 75 puntos. Nota: Aunque en este procedimiento no se consideran criterios de Juicios de Valor, los licitadores deberán aportar las titulaciones del consultor/a de forma que se acredite poseer la cualificación profesional del personal adscrito. | D5: 75 | E5: Oferta una Titulación de Máster. La cual la acredita correctamente | F5: 0 | G5: Presenta certificado académico personal del Máster de la Universidad UDIMA "ESPECIALISTA EN CONTRATOS Públicos", pero es un certificado meramente informativo, no tiene firma, ni sellos que avalen la veracidad del documento. NO SE APORTA COPIA DE LA TITULACIÓN DEL MÁSTER. Además según detalles del certificado de calificaciones se trata de un curso "Especialista en contratación pública de 25 Créditos. Para considerarse como equivalente a máster como mínimo se requiere 60 Créditos. SE CONSIDERA QUE LA TITULACIÓN NO ES ADECUADA | H5: 100 | I5: Oferta titulación de Doctor acreditada correctamente por la Universidad de Castilla la Mancha. Adjunta enlace con su tesis doctor al titulada "EL PAPEL ESTRATÉGICO DE LA CONTRATACIÓN PÚBLICA PARA LA CONSECUCIÓN DE POLÍTICAS PÚBLICAS" ACREDITADA CORRECTAMENTE | J5: 100 | K5: Oferta la titulación de Doctor acreditada correctamente | L5: 100 | M5: En su oferta de la cualificación no aporta nada, pero en los documentos aportados se verifica que posee la titulación de Doctor, por lo que se procederá a calificar con la titulación de DOCTOR. | N5: 100 | O5: Oferta la titulación de Doctor acreditada correctamente | P5: 100 | Q5: Oferta la titulación de Doctor acreditada correctamente
A7: =Gral!A5 -> 2.2. Experiencia como Docente (15%) | B7: (Máximo 100 puntos antes de aplicar el coeficiente de ponderación) Se valorará la experiencia docente del consultor/a en materia de contratación pública dirigidas a estudiantes universitarios, personal de empresas y otros públicos, impartidas tanto en entidades del sector público, y demás sectores. Se valorará tomando en cuenta el número de cursos impartidos por el consultor/a. Solo se considerarán aquellos cursos con un número de horas igual o superior a Cuatro (4) horas. Los cursos con un número de horas inferior no serán tomados en cuenta. Nota: Acreditación de los cursos y formación impartida y/o Cartas de colaboración de centros de formación, universidades, etc. O cualquier documentación fehaciente que avalen la formación impartida por el consultor/a. | D7: ='CÁLCULO DE PUNTOS fórmulas'!C7 -> 4.8 | E7: EL LICITADOR OFERTA UN TOTAL DE 13 CURSOS EN MATERIA DE CONTRATACIÓN PÚBLICA, DE LOS CUALES 11 SE CONSIDERAN ADECUADOS, YA QUE LOS CURSOS 3 Y 4 POSEEN UNA DURACIÓN DE IMPARTICIÓN INFERIOR A 4 HORAS. FORMACIÓN: 1. Profesor en “Curso básico de contratación pública”, de 4 horas, impartido al Consorci APROP (noviembre de 2021). 2. Profesor en “Curso avanzado de contratación pública”, de 4 horas, impartido al Consorci APROP (noviembre de 2021). 3. Profesor en Curso sobre contrato menor, de 1 hora (repetido en 5 ocasiones), impartido a EMAYA (durante 2021). Se trata de un curso inferior a 4 horas, por lo que aunque se haya impartido en 5 ocasiones, como se marca en el criterio no se consideraran aquellos cursos con tiempo inferior a 4 horas. NO ADECUADO. 4. Profesor en Curso sobre Nociones básicas de contratación pública, de 3 horas, repetido en 2 ocasiones, impartido a empleados de EMAYA (mayo-junio 2021). Se trata de un curso inferior a 4 horas, por lo que aunque se haya impartido en 2 ocasiones, como se marca en el criterio, no se consideraran aquellos cursos con tiempo inferior a 4 horas. NO ADECUADO. 5. Profesor en el Curso: Curso sobre Contratación Pública, especialmente enfocado para la elaboración de pliegos en los contratos de suministros y servicios (adaptado a la nueva LCSP), 4 Horas, impartido a EMAYA, Grupo III (mayo 2018). 6. Profesor en el Curso: Curso sobre Contratación Pública, especialmente enfocado para la elaboración de pliegos en los contratos de suministros y servicios (adaptado a la nueva LCSP), 4 Horas, impartido a EMAYA, Grupo II (mayo 2018). 7. Profesor en el Curso: Curso sobre Contratación Pública, especialmente enfocado para la elaboración de pliegos en los contratos de obras (adaptado a la nueva LCSP), 4 Horas, impartido a EMAYA, Grupo I (mayo 2018). 8. Profesor en el Curso Avanzado de Contratación Pública, de 7 h, impartido en MERCAPALMA (mayo 2018). 9. Profesor en el Curso de Contratación Pública, de 15 h, impartido en la Agencia de Turismo de las Islas Baleares (2018). Grupo II. 10. Profesor en el Curso de Contratación Pública, de 15 h, impartido en la Agencia de Turismo de las Islas Baleares (2018). Grupo I. 11. Profesor en el Curso de Contratación Pública, de 15 h, impartido en TIC MALLORCA (2018). 12. Profesor en el Curso de Contratación Pública, de 12 h, impartido en MERCAPALMA (septiembre 2017). 13. Profesor en el Curso: Curso sobre Contratación Pública, especialmente enfocado para la elaboración de pliegos, 4 Horas, impartido a EMAYA (2017). Para valorar la adecuación de los cursos se ha solicitado que se acredite la impartición de los mismos, para ello el licitador presenta: - (Cursos 1 y 2) - Se presenta un historial de correos de los 2 primeros cursos entre la empresa Consorci APROP y el licitador, adicionando una factura. Así como programas de cursos: de 6 y 4 horas. - (Cursos 3 y 4) - ESTOS CURSOS SON INFERIORES A 4 HORAS, POR LO QUE NO SE TENDRÁN EN CUENTA PARA EL CALCULO DE LAS PUNTUACIONES. NO ADECUADO AL SER INFERIOR A 4 HORAS. - (Cursos 5, 6,7 y 13) - Se presenta carta por parte de EMAYA que certifica haber recibido formación en Contratación Pública por la empresa ARAÚJO&BENETTI ABOGADOS DURANTE EL AÑO 2017 Y 2018 E FECHAS (30/06/2017, 01/05/2018. 14/05/2018 Y 17/05/2018). -(Cursos 8 y 12) - Se presenta carta de participación de la ESCUELA DE NEGOCIOS HISPANIA - (Cursos 9, 10, y 11) - Se presenta carta por parte de GABINET D´INICIATIVES FORMATIVES SE PRESENTAN UNA TOTAL DE 13 CURSOS DE LOS CUALES 2 NO SE TOMARAN EN CUENTA, PORQUE POSEEN UNA DURACIÓN INFERIOR A 4 HORAS . SE CONSIDERAN UN TOTAL DE 11 CURSOS ≥ 4 HORAS, ACREDITADOS ADECUADAMENTE MEDIANTE FACTURAS, CARTAS Y CERTIFICADOS EXPEDIDAS POR LAS EMPRESAS QUE HAN RECIBIDO LA FORMACIÓN. TOTAL DE CURSOS A VALORAR: 11 CURSOS | F7: ='CÁLCULO DE PUNTOS fórmulas'!D7 -> 13.54 | G7: Oferta 31 cursos acreditados correctamente y superior a 4 horas. - 16 cursos impartidos en la gerencia Municipal de Cultura y Deportes de Santa Lucía, S.A,ACREDITADOS MEDIANTE CERTIFICADOS DE BUENA EJECUCIÓN. - 1 Curso jornadas formativas e informativas sobre la Ley 9/2017, de 8 de noviembre, de Contratos del Sector Público, al personal del Consorcio de Casa África. ACREDITADO CON CERTIFICADO DE BUENA EJECUCIÓN - 1 Curso jornadas formativas e informativas sobre la Ley 9/2017, de 8 de noviembre, de Contratos del Sector Público, en el INSTITUTO INSULAR DE DEPORTES DE GRAN CANARIA. ACREDITADO MEDIANTE CARTA EXPEDIDA POR INSTITUTO. - 1 Curso jornadas formativas e informativas sobre la implantación de la Ley 9/2017, de 8 de noviembre, de Contratos del Sector Público a Mancomunidad Intermunicipal del Sureste de Gran Canaria. ACREDITADO MEDIANTE CERTIFICADO DE BUENA EJECUCIÓN DE LOS SERVICIOS PRESTADOS -1 Curso jornadas formativas e informativas sobre la implantación de la Ley 9/2017, de 8 de noviembre, de Contratos del Sector Público a la Mancomunidad Intermunicipal del Sureste de Gran Canaria. ACREDITADO MEDIANTE CERTIFICADO DE BUENA EJECUCIÓN DE LOS SERVICIOS PRESTADOS - 2 cursos al Ayuntamiento de San Bartolomé de Tirajana en materia de Contratación Pública. ACREDITADO MEDIANTE CERTIFICADO DE BUENA EJECUCIÓN DE LOS SERVICIOS PRESTADOS - 1 CURSO Jornadas formativas e informativas sobre la Ley 9/2017, de 8 de noviembre, de Contratos del Sector Público, en el Ilustre Ayuntamiento de Santa Lucía, con una duración de 25 horas lectivas. CARTA EXPEDIDA POR EL AYUNTAMIENTO ACREDITANDO LA FORMACIÓN - 1 Curso formativo al personal técnico de cara al manejo de la Plataforma de Contratación Electrónica del sector público al CONSORCIO DE LA ZONA FRANCA DE GRAN CANARIA. CARTA EXPEDIDA POR EL CONSORCIO ACREDITANDO LA FORMACIÓN. -1 cursos Jornadas de formativas e informativas sobre la Ley 9/2017, de 8 de noviembre, de contratos del Sector Pública, en el Cabildo Insular de la Gomera + Seminario de 5 horas. Para la acreditación de ambos presenta informe expedido por el Cabildo. - 1 curso Jornadas de formativas en materia de contratación pública al Ayuntamiento de El Paso mediante el contrato del Servicio de Asesoramiento Jurídico y asistencia técnica en materia de contratación pública. ACREDITACIÓN MEDIANTE DECLARACIÓN DE BUENA EJECUCIÓN DE LOS SERVICIOS. - 1 Curso jornadas formativas e informativas sobre la implantación de la Ley 9/2017, de 8 de noviembre, de Contratos del Sector Pública al Ayuntamiento de Tías. ACREDITACIÓN MEDIANTE DECLARACIÓN DE BUENA EJECUCIÓN - 2 Cursos al Cabildo Insular de Lanzarote. ACREDITADO CON CARTA EXPEDIDO POR EL AYUNTAMIENTO DE LANZAROTE -2 CURSOS; Jornada formativas e informativas de la Ley 9/2017, de 8 de noviembre, de contratos del sector público a la entidad Martel&Morales. ACREDITACIÓN CON CERTIFICADO DE BUENA EJECUCIÓN. SE PRESENTAN UNA TOTALIDAD DE 31 CURSOS ACREDITADOS ADECUADAMENTE MEDIANTE CARTAS Y CERTIFICADOS DE BUENA EJECUCIÓN EXPEDIDAS POR LAS EMPRESAS QUE HAN RECIBIDO LA FORMACIÓN. TOTAL DE CURSOS A VALORAR: 31 CURSOS | H7: ='CÁLCULO DE PUNTOS fórmulas'!E7 -> 3.93 | I7: Oferta 9 cursos acreditados correctamente y superior a 4 horas. - Director del Master de Abogacía (2021-Actualidad). Se acompaña certificado expedido por la Universidad San Jorge como Anexo 3. ACREDITADO CON CERTIFICADO DE ACTIVIDAD EMITIDO POR LA UNIVERSIDAD. EN LA UNIVERSIDAD HA IMPARTIDO LOS SIGUIENTES CURSOS: Profesor de Derecho Administrativo del Grado en Derecho y del Doble Grado ADE-Derecho en la Universidad San Jorge (2016-Actualidad). Se acompañan los certificados como Anexo 4. ACREDITADO CON CERTIFICADO DE ACTIVIDAD EMITIDO POR LA UNIVERSIDAD. En este certificado se detalla la actividad laboral desde año 2016-2021, dividido en diferentes cursos impartidos para un total de 5 cursos. - Curso de Contratación Pública (15 noviembre 2021. 5 horas). Ponencias/Lecciones “Los principios de la contratación pública y su aplicación a los fondos next generation”. Diputación Provincial de Zaragoza. Zaragoza. Se acompaña certificado como Anexo 7. ACREDITACIÓN MEDIANTE CERTIFICADO - Curso titulado “Ley de Contratos del Sector Público y las empresas”. Sofejea y Cámara de Comercio de Zaragoza. 18-19 junio 2018. Ejea de los Caballeros (8 horas). Se puede consultar la información del mismo en el siguiente enlace: https://www.sofejea.com/sofejea-y-camara-de-zaragoza-organizan-el-curso-la-nueva-ley-de-contratos-del-sector-publico-y-las-empresas/. - Curso sobre las principales novedades de la nueva Ley de contratos del sector público. Cámara de Comercio de Zaragoza. 11-18 abril. NO SE APORTA DOCUMENTACIÓN ACREDITATIVA - Curso de especialización en derecho administrativo básico impartido en el Real e Ilustre Colegio de Abogados de Zaragoza. Se puede consultar la información del mismo en el siguiente enlace: https://www.reicaz.org/circubol/boleform/20191216.htm. ACREDITADO MEDIANTE CONVOCATORIA DEL CURSO EN LA PÁGINA - Curso de formación en materia de contratación al Instituto Aragonés de Fomento. Se acompaña certificado como Anexo 8. ACREDITACIÓN CON CERTIFICADO EMITIDO POR REAL E ILUSTRE COLEGIO ABOGADOS DE ZARAGOZA SE PRESENTAN 9 CURSOS RELACIONADOS AL OBJETO DEL CONTRATO, ACREDITADOS ADECUADAMENTE MEDIANTE CARTAS Y CERTIFICADOS EXPEDIDAS POR LAS EMPRESAS QUE HAN RECIBIDO LA FORMACIÓN. TOTAL DE CURSOS A VALORAR: 9 CURSOS PRESENTA 9 CURSOS ACREDITADOS CORRECTAMENTE Y QUE SUPERAN UNA FORMACIÓN DE 4 HORAS. | J7: ='CÁLCULO DE PUNTOS fórmulas'!F7 -> 3.93 | K7: Oferta 9 cursos acreditados correctamente mediante relación de los principales cursos impartidos en la Universidad UCM las cuales están acreditadas mediante certificado emitido por la universidad. PRESENTA 9 CURSOS ACREDITADOS CORRECTAMENTE Y SUPERIOR A 4 HORAS. | L7: ='CÁLCULO DE PUNTOS fórmulas'!G7 -> 15.72 | M7: Oferta 41 cursos de los cuales 5 son inferiores a 4 horas, por lo que se consideran 36 cursos adecuados. Experiencia Docente: - 1 Curso Práctico de Licitaciones en Gijón 5 horas a la Empresa Municipal de Aguas de Gijon S.A, enero 2020. ACREDITADO MEDIANTE CERTIFICADO DE SERVICIOS PRESTADOS - 1 curso de 12 horas LOS DÍAS 14 y 15 de noviembre de 2019 a la AUTORIDAD PORTUARIA DE TARRAGONA sobre: “CONTRATACIÓN ELECTRÓNICA OBLIGATORIA, MANEJO DE LA PLATAFORMA DE CONTRATOS DEL SECTOR PÚBLICO” DICIEMBRE 2019. ACREDITADO MEDIANTE CARTA EMITIDA POR LA EMPRESA - 1 curso de 12 horas LOS DÍAS 24 y 25 de noviembre de 2019 a la AUTORIDAD PORTUARIA DE TARRAGONA sobre: “CONTRATACIÓN ELECTRÓNICA OBLIGATORIA, MANEJO DE LA PLATAFORMA DE CONTRATOS DEL SECTOR PÚBLICO” DICIEMBRE 2019. ACREDITADO MEDIANTE CARTA EMITIDA POR LA EMPRESA - 1 curso formativos a las empresas públicas asociadas a lo largo de 2018 con el objeto de acercar a las empresas públicas a la nueva Ley de Contratos del Sector Público y a los procedimientos de licitación electrónica en los cuales el es especialista a la asociación de Empresas Públicas de Medio Ambiente (ANEPMA). ACREDITADO POR CERTIFICADO EMITIDO POR ANEPMA (i) “Como Implantar la nueva Ley de Contratos en las Empresas Públicas Municipales I” 5 horas Rivas Vaciamadrid (ii) Como Implantar la nueva Ley de Contratos en las Empresas Públicas Municipales II” 5 horas Rivas Vaciamadrid - Formación en materia de contratación de 12 horas a la sociedad mercantil municipal Cementerios de Gijón S.A. (CEGISA). ACREDITADA CON CARTA EMITIDA POR CEGISA -Formación en materia de contratación de 12 horas al personal de la sociedad Mercantil Municipal Centro Municipal de Empresas de Gijón, S.A. ACREDITADA CON CARTA EMITIDA POR LA SOCIEDAD - 1 Curso práctico de Licitaciones electrónicas en RIVAMADRID de 10 horas a. ACREDITADO MEDIANTE CERTIFICADO DE BUENA EJECUCIÓN - 2 Cursos de formación en materia de contratación pública de 5 horas cada uno a la Empresa de Servicios y Gestión Empresa de Servicios y Gestión Medioambiental de Puente Genil (EGEMASA). ACREDITADO CON CERTIFICADO DE BUENA EJECUCIÓN - 1 Curso de 12 horas en materia de contratación pública a la Sociedad Mercantil Municipal DIVERTIA GIJON. ACREDITADO MEDIANTE CARTA EMITIDA POR LA SOCIEDAD - 1 Curso de 12 horas en materia de contratación pública a la sociedad mercantil municipal de aguas de Gijón S.A (EMASA), enero 2019. ACREDITADO POR INFORME EMITIDO POR LA SOCIEDAD - Formación de 8 horas de LAS ACTUACIONES DE LAS SOCIEDADES MERCANTILES MUNICIPALES EN MATERIA DE CONTRATACIÓN PÚBLICA TRAS LA ENTRADA EN VIGOR DE LA LEY 9/2017 al Ayuntamiento de GETAFE, MADRID, enero 2019. ACREDITADA CON INFORME EMITIDO POR EL AYUNTAMIENTO - 1 Curso de 12 horas en materia de contratación pública a la Sociedad Mercantil Municipal EMTUSA. ACREDITADA CON INFORME EMITIDO POR LA SOCIEDAD - Formación en materia de contratación pública con una duración de 12 horas la sociedad mercantil municipal Empresa Municipal de Servicios de Medio Ambiente Urbano de Gijón, S.A. (EMULSA). - Formación en materia de contratación pública con una duración de 12 horas a la sociedad mercantil municipal Empresa Municipal de la Vivienda de Gijón, S.L.U. ACREDITADA CON INFORME - Formación en materia de contratación pública con una duración de 8 horas al Ayuntamiento de GETAFE, febrero 2018. ACREDITADA CON INFORME - 3 Cursos formativos a la Empresa Municipal de Mantenimiento de Carmona, S.L. “LIMANCAR” mediante la ejecución del contrato de servicio de asesoría jurídica en contratación pública. ACREDITADO MEDIANTE CERTIFICADO DE BUENA EJECUCIÓN (i) “Ley de Contratos en las Empresas Públicas Municipales y licitación electrónica I” 7 horas Carmona, Sevilla (ii) Ley de Contratos en las Empresas Públicas Municipales y licitación electrónica II 7 horas Carmona, Sevilla (ii) Ley de Contratos en las Empresas Públicas Municipales y licitación electrónica III 5 horas Carmona, Sevilla - 3 Cursos formativos a LIMPIEZA Y MEDIO AMBIENTE DE GETAFE S.A.M (LYMA): (I) Implementación de la nueva LCSP en LYMA (5 HORAS), (II) LICITACIÓN PÚBLICA LOCAL Y CAMBIO A LICITACIÓN ELECTRÓNICA (5 HORAS), (III) SOCIEDADES MERCANTILES MUNICIPALES Y NUEVA LCSP (7 HORAS). ACREDITADO MEDIANTE CERTIFICADO DE BUENA EJECUCIÓN. - 4 Cursos al grupo RENHER en materia de contratación Pública superiores a 4 horas. ACREDITADO MEDIANTE CERTIFICADO EMITIDO POR EL GRUPO - 1 Curso telemático de 5 horas en RECURSOS ESPECIALES EN MATERIA DE CONTRATACIÓN. ANÁLISIS DE RESOLUCIONES, Octubre 2020 al GRUPO RENHER. ACREDITADO MEDIANTE CARTA EMITIDA POR EL GRUPO - 1 curso de 13 horas “RECURSOS ESPECIALES EN MATERIA DE CONTRATACIÓN al GRUPO RENHER, febrero de 2020. ACREDITADO MEDIANTE CARTA EMITIDA POR EL GRUPO - 1 curso formativo sobre "Implementación y práctica de Acuerdos Marco según la Ley de Contratos en el Sector Público (5 horas)" a GETAFE INICIATIVAS (GISA) NOVIEMBRE 20120. ACREDITADO MEDIANTE CERTIFICADO DE FORMACIÓN EMITIDO POR GISA. -1 curso formativos 2020 (i) “Ley de Contratos en las Empresas Públicas Municipales y licitación electrónica I” 5 horas Alcorcón, Madrid al personal de la EMPRESA DE SERVICIOS MUNICIPALES DE ALCORCÓN S.A.U., (ESMASA). ACREDITADO MEDIANTE CERTIFICADO DE SERVICIOS EJECUTADO MEDIANTE EL SERVICIOS JURÍDICOS - 1 curso formativo “Cómo gestionar contratos públicos con menos riesgos de recursos: Análisis de las resoluciones de tribunales contractuales y de los informes de juntas consultivas” (5 horas) a la Fundación Internacional y para Iberoamérica de Administración y Políticas Públicas F.S.P., “FIIAPP” . ACREDITADO POR CERTIFICADO EXPEDIDO POR FIIAPP. - 2 Cursos telemáticos (octubre 2020 y noviembre) de 5 horas cada uno sobre "“RECURSOS ESPECIALES EN MATERIA DE CONTRATACIÓN. ANÁLISIS DE RESOLUCIONES”. ACREDITADO MEDIANTE CARTA EMITIDA POR EL GRUPO (otros organismos) - 2 Cursos telemáticos (octubre 2020 y noviembre) de 5 horas cada uno sobre "“RECURSOS ESPECIALES EN MATERIA DE CONTRATACIÓN. ANÁLISIS DE RESOLUCIONES”. ACREDITADO MEDIANTE CARTA EMITIDA POR EL GRUPO (otros organismos) - 5 cursos de 2 horas 30 minutos en materia de contratación. NO SE TOMARA EN CUENTA AL SER INFERIOR A 4 HORAS. - 1 Curso de formación sobre "“Licitación electrónica, responsable del contrato y aplicación práctica del Pliego de Prescripciones Técnicas y Cuadro de Características Particulares” (5 horas). a la Empresa Municipal de Servicios RIVAMADRID. ACREDITADA MEDIANTE CERTIFICADO DE FORMACIÓN EMITIDO POR RIVAMADRID - Webinar Visión estratégica de la Administración Pública: algunas claves para su implementación en las organizaciones, celebrado el 6 de julio de 2021 de 17:00h a 18:30h. CURSO ATRAVES DE WEBINAR INFERIOR A 4 HORAS, NO ADECUADO. PRESENTA 41 CURSOS DE LOS CUALES 5 SON INFERIORES A 4 HORAS, POR LO QUE SE CONSIDERAN 36 CURSOS ACREDITADOS CORRECTAMENTE Y SUPERIOR A 4 HORAS. TOTAL DE CURSOS A VALORAR: 36 CURSOS | N7: ='CÁLCULO DE PUNTOS fórmulas'!H7 -> 100 | O7: Oferta 229 cursos acreditados correctamente y superior a 4 horas. | P7: ='CÁLCULO DE PUNTOS fórmulas'!I7 -> 22.71 | Q7: Oferta 78 cursos. Presenta un listado con 78 puntos de formación impartida por el consultor pero en realidad se enlistan 77 cursos, ya que hay un salto de 1 número en la lista. De los 77 cursos presentados, en la lista de los primeros 22, 20 de ellos no corresponden al objeto del contrato, de los 51 cursos impartido en la XVI edición del Diploma de Especialización en Derecho Local de Aragón 47 se acreditan adecuadamente. Los 3 impartidos en la GENERALITAT VALENCIA se acreditan correctamente. SE ACREDITAN 52 CURSO DE LOS 78 OFERTADOS. EXPERIENCIA DOCENTE 1- Presenta una primera relación de 22 curso de los cuales solo 2 se relacionan con el objeto del contrato - Régimen jurídico de la contratación pública (2019-2020). - Régimen jurídico de la Contratación Pública.(2020-2021). 2- La otra relación es desde el punto 23 hasta 75, al saltarse un numero de la lista (desde 25 al 27) el numero real es de 51 CURSOS IMPARTIDOS MEDIANTE LAS ACTIVIDADES DOCENTES DESARROLLADA XVI edición del Diploma de Especialización en Derecho Local de Aragón, al realizar la verificación que se realiza mediante CARTA POR LA UNIVERSIDAD DE ZARAGOZA, se ha detectado que en ella solo lo constan 47 cursos de 51. EN ESTE SENTIDO EN ESTE PUNTO CORRESPONDE 47 CURSOS. - Procedimiento de adjudicación de contratos públicos, 2006. Zaragoza. - Contratación Pública electrónica, 2006, Zaragoza -Procedimientos de adjudicación de contratos públicos, 2006, Huesca. - Contratación Pública electrónica, Huesca, 2006. - Procedimientos de adjudicación de contratos públicos, Teruel, 2006 - Contratación Pública electrónica, 2006, Teruel. - Procedimientos de adjudicación de contratos públicos, 2007, Huesca. -Contratación Pública electrónica, Huesca, 2007. -Procedimientos de adjudicación de contratos públicos, Teruel, 2007. -Contratación Pública electrónica, 2007, Teruel. - Procedimiento de adjudicación de contratos públicos, 2008, Zaragoza -Contratación Pública electrónica, Huesca, 2008. -Procedimientos de adjudicación de contratos públicos, Teruel, 2008. -Contratación Pública electrónica, 2008, Teruel. -Procedimiento de adjudicación de contratos públicos, 2009, Zaragoza -Contratación Pública electrónica, 2009, Zaragoza. -Procedimientos de adjudicación de contratos públicos, 2009, Huesca. -Contratación Pública electrónica, Huesca, 2009. -Procedimiento de adjudicación de contratos públicos, 2010, Zaragoza -Contratación Pública electrónica, 2010, Zaragoza. -Procedimientos de adjudicación de contratos públicos, 2010, Huesca. -Contratación Pública electrónica, Huesca, 2010. -Procedimiento de adjudicación de contratos públicos, 2011, Zaragoza -Contratación Pública electrónica, 2011, Zaragoza. -Procedimientos de adjudicación de contratos públicos, 2011, Huesca. -Contratación Pública electrónica, Huesca, 2011. -Procedimiento de adjudicación de contratos públicos, 2012 Zaragoza -Contratación Pública electrónica, 2012, Zaragoza. -Procedimientos de adjudicación de contratos públicos, 2012, Huesca. -Contratación Pública electrónica, Huesca, 2012. -Procedimiento de adjudicación de contratos públicos, 2013, Zaragoza -Contratación Pública electrónica, 2013, Zaragoza. -Procedimientos de adjudicación de contratos públicos, 2013, Huesca. -Contratación Pública electrónica, Huesca, 2013. -Procedimiento de adjudicación de contratos públicos, 2014 Zaragoza -Contratación Pública electrónica, 2014, Zaragoza. -Procedimientos de adjudicación de contratos públicos, 2014, Huesca. -Contratación Pública electrónica, Huesca, 2014. -Procedimiento de adjudicación de contratos públicos, 2015 Zaragoza -Contratación Pública electrónica, 2015, Zaragoza. -Procedimientos de adjudicación de contratos públicos, 2015, Huesca. -Contratación Pública electrónica, Huesca, 2015. -Contratación Pública electrónica, Zaragoza, 2016. -Contratación Pública electrónica, Zaragoza, 2017. -Contratación Pública electrónica, Zaragoza, 2018. -Contratación Pública electrónica, Zaragoza, 2019. -Contratación Pública electrónica, Zaragoza, 2020. -Contratación Pública electrónica, Zaragoza, 2021. 3- FORMACIONES A LA GENERALITAT VALENCIA IMPARTIDO MEDIANTE EL CONTRATO "servicios referidos a “FORMACIÓN A FUTUROS LICITADORES EN LA PLATAFORMA DE CONTRATACIÓN DEL SECTOR PÚBLICO” Expediente MENOR/2021/09N01/39". ACREDITADO MEDIANTE CERTIFICADO DE BUENA EJECUCIÓN - Contratación Pública electrónica 2021-2022. - Módulo elaboración de pliegos. 2021-2022 -Tutorización formativa en manejo de la Plataforma de Contratación del Sector Público (160 h). SE VERICA Y COMPRUEBA UN TOTAL DE 52 CURSOS RELACIONADOS CON EL OBJETO DEL CONTRATO Y ACREDITADOS CORRECTAMENTE DE LOS OFERTADOS. TOTAL DE CURSOS A VALORAR: 52 CURSOS
A10: =Gral!A6 -> 2.3. Experiencia profesional adicional a la exigida en PPT como asesor en materia de contratación pública (15%) | B10: (Máximo 100 puntos antes de aplicar el coeficiente de ponderación) Se valorará la experiencia profesional adicional de los 10 años mínimos de experiencia solicitados en el PPT del consultor/a en asesoría y consultoría en materia de contratación pública a entidades del sector público y otros sectores. Se otorgarán 100 puntos a la propuesta que ofrezca una mayor experiencia, el resto de ofertas recibirán una puntuación proporcional mediante la fórmula. Nota: Para acreditar la experiencia del consultor/a se deberá entregar un Breve currículum vitae en el que se destaquen los trabajos similares a los del objeto del contrato. - Un (1) Consultor/a jurídico especializado en la materia contratación pública: Colegiado como abogado ejerciente, con experiencia de al menos Diez (10) años demostrable, relacionado con el objeto del contrato, en especial en el asesoramiento a administraciones públicas en materia de contratación pública. Se valorará que este en posesión de un máster habilitante o doctorado con especialidad en contratación pública. | D10: 0 | E10: El licitador oferta 0 años de experiencia adicionales. A continuación se detallan los años de experiencia presentados: - Abogado fundador en Araújo&Benetti, Abogados, Palma de Mallorca (www.araujobenetti.com), Enero 2015 – Actualidad. Que correspondería a 7 años y 2 meses de experiencia (7.16 años). Se hace una descripción de los trabajos que desempeña, por lo que con los datos presentados no se puede verificar si en este tiempo se ha desempeñado funciones de contratación pública o de derecho administrativo. - Abogado en Cuatrecasas, Gonçalves Pereira, Madrid, Septiembre 2009 – Diciembre 2014. Que correspondería a 5 años y 3 meses (5.25 años). Se hace una descripción de los trabajos que desempeña, por lo que con los datos presentados no se puede verificar si en este tiempo se ha desempeñado funciones de contratación pública o de derecho administrativo. En este sentido, se admite los 0 años de experiencias ofertados por el licitador, al no concretarse específicamente los años de experiencia en materia de contratación pública en CV. | F10: ='CÁLCULO DE PUNTOS fórmulas'!D9 -> 71.43 | G10: Oferta 5 años de experiencia adicional. En el Currículo y hoja de vida laboral que certifican 15 años de experiencia, de los que correspondería una experiencia adicional de 5 años. - 2016-actualidad: 6 años Experiencia relacionada con el objeto del contrato - 2007-2016: 9 años de experiencia relacionada con el objeto del contrato Se comprueba que los 5 años de experiencia adicional ofertados son coherentes al CV y hoja de vida laboral. | H10: ='CÁLCULO DE PUNTOS fórmulas'!E9 -> 0 | I10: Oferta un total de 11 años de experiencia adicional pero en el documento donde presenta la experiencia profesional, se presenta sin detallar los años en los que ha desarrollado las funciones en materia de contratación en las instituciones que recoge, por lo que no se puede deducir los años de experiencias adicionales a los 10 años mínimos exigidos en el PPT. Al no contarse con los datos necesarios para la comprobación de los años de experiencia adicional, se procede a puntuar cero. NO SE CUENTA CON LA INFORMACIÓN NECESARIA PARA CUANTIFICAR LOS AÑOS ADICIONALES DE EXPERIENCIA DEL LICITADOR. -0 AÑOS DE EXPERIENCIA ADICIONAL | J10: ='CÁLCULO DE PUNTOS fórmulas'!F9 -> 0 | K10: Presenta su trayectoria profesional desde 1995-2012. Así como un apartado especificando su experiencia en materia de contratación pública. En el cual presenta una relación de los trabajos realizados, en algunos detalla la fecha de inicio-fin y en otros, solo una fecha, por lo que se hace difícil cuantificar la experiencia exacta en materia de contratación pública. En este sentido, no se puede deducir con exactitud la experiencia del licitador, ya que la relación de los trabajos en materia de contratación pública se presenta sin especificar en algunos de ellos las fechas de inicio y fin. Para una estimanción en base a aquellos trabajos que si detallan la fecha de inicio-fin, se ha procedido a valorar la experiencia en base a estas fechas dando por sentado los trabajos durante el año reseñado, lo que correspondería a: - 2008-2013: 5 años de experiencia - 2016- 2020: 4 años Dando como resultado 0 años de experiencia adicional y incumpliendo la experiencia minima requerida. NO SE PRESENTA DE FORMA ADECUADA LOS AÑOS DE EXPERIENCIA EN MATERIA DE CONTRATACIÓN PÚBLICA. -0 AÑOS DE EXPERIENCIA ADICIONAL | L10: ='CÁLCULO DE PUNTOS fórmulas'!G9 -> 0 | M10: Oferta 4 años de experiencia adicional pero al revisar el CV se detecta una experiencia de 10 años relacionada con el objeto del contrato, por lo que no hay ninguna experiencia adicional. EXPERIENCIA: - Diciembre 2015- Actualidad. Responsable Asesoría Jurídica LYMA Getafe Sociedad Anónima Municipal. Ayuntamiento de Getafe/Contratación Pública Asesor Jurídico Dirección General, Dirección de RR.HH., Dirección de Producción, Dirección de Compras ( 7 AÑOS DE EXPERIENCIA RELACIONADO CON EL OBJETO DEL CONTRATO). - Abril 2013- Actualidad.-/Van Beveren Abogados. Especializado en Contratación Pública. ESPECIALISTA EN PANAPS participados por entidades locales Asesoramiento legal de empresas públicas (contratación, preparación de pliegos administrativos, asesoramiento en licitaciones públicas y preparación de cursos de formación) - (2 AÑOS desde 2013-2015 RELACIONADA CON EL OBJETO DEL CONTRATO). - Enero 2012- Abril 2013-. Abogado. MAIO Legal Abogados. Especializado en Derecho Mercantil y Administrativo. Asesoramiento en licitaciones públicas a operadores económicos. (1 AÑO + 3 MESES RELACIONADA CON EL OBJETO DEL CONTRATO) - 2007-2011 Cocinante, S.L. Socio fundador de la sociedad dedicada a prospección de servicios del sector Hostelería. (Gestión de la compañía/ Contratación de empleados /Organización de planes de trabajo Elaboración de planes financieros anuales /Estudios y análisis de inversiones en publicidad y marketing). (4 AÑOS, NO SE RELACIONA CON EL OBJETO DEL CONTRATO). - 2003-2007. Abogado. Castro, Sueiro & Varela (Firma incorporada actualmente a KPMG, Abogados España). Derecho Administrativo y Financiero. (4 AÑOS). NO SE RELACIONA AL OBJETO DEL CONTRATO - 2000-2003. Abogado. Clarke, Modet & Cº Propiedad Industrial e Intelectual. (3 AÑOS, NO SE RELACIONA CON EL OBJETO DEL CONTRATO). SE ESTIMA UNA EXPERIENCIA RELACIONADA CON EL OBJETO DEL CONTRATO DE 10 AÑOS Y 3 MESES. | N10: ='CÁLCULO DE PUNTOS fórmulas'!H9 -> 100 | O10: Oferta 7 años de experiencia adicional, la cual ha sido verificada y coincide con CV Presenta la siguiente experiencia: Desde 2004-Actualidad: - experiencia en contratación pública, como funcionario (2004-2016): Comienzo de la prestación como responsable jurídico del área de proyectos estratégicos y obras y conservación del Ayuntamiento de Pamplona en 2004. 12 AÑOS.: (2 años adicionales). Labores de redacción de pliegos, informes, defensa letrada en pleitos etc..(12 AÑOS DE EXPERIENCIA RELACIONADO CON EL OBJETO DEL CONTRATO) - Vocal del Tribunal Administrativo de contratos públicos de Navarra. 2013 – 2016 (EXPERIENCIA DENTRO DE LOS AÑOS YA CALCULADOS, RELACIONADO CON EL OBJETO DEL CONTRATO). - 2013 – 2016: Secretario de la Comisión de Vigilancia de la Contratación del Ayuntamiento de Pamplona, Pamplona. Actualmente FUNCIONARIO EXCEDENTE.(EXPERIENCIA DENTRO DE LOS AÑOS YA CALCULADOS, RELACIONADO CON EL OBJETO DEL CONTRATO). - 2013 – 2016: Técnico Comisión de Sociedad de la Información y Nuevas Tecnologías de la Federación Española de Municipios y Provincias (FEMP), Madrid. Cargo: Miembro del grupo técnico.(EXPERIENCIA DENTRO DE LOS AÑOS YA CALCULADOS, NO RELACIONADO CON EL OBJETO DEL CONTRATO). - 2009 – septiembre 2016: Secretario General del Ayuntamiento de Pamplona, Pamplona. Cargo: Suplente del Sr. Secretario General - Desde 2016 a la actualidad : (6 AÑOS ADICIONALES) autónomo y administrador único de FRANCISCO JAVIER VAZQUEZ MATILLA SL. Al estar en curso el año 2022, serñian 5 años y algunos meses. - Desde 2021 además, Director General de Lexlab innovación legal: despacho especializado en compra de innovación y compras complejas.(EXPERIENCIA DENTRO DE LOS AÑOS YA CALCULADOS, NO RELACIONADO CON EL OBJETO DEL CONTRATO). SE ESTIMA UNA EXPERIENCIA DE 17 AÑOS Y PAR DE MESES RELACIONADAS CON EL OBJETO DEL CONTRATO. POR LO QUE SE VERIFICA Y COMPRUEBA LA EXPERIENCIA ADICIONAL DE 7 AÑOS. | P10: ='CÁLCULO DE PUNTOS fórmulas'!I9 -> 100 | Q10: Oferta 19 años de experiencia adicional de los 10 años exigidos en el PPT. Al realizar la verificación se ha estimado una experiencia total del licitador de 17 años (desde enero 2005 hasta la actualidad). Se trata de insertar en el criterio los años de experiencia adicionales a los exigidos en el PPT (10 años). En este sentido los años de experiencia adicionales al objeto del contrato corresponde a 7 años. EXPERIENCIA MOSTRADA EN CV: Según CV posee 19 años de experiencia en asesoramiento en materia de contratación pública. Sin embargo la relación de trabajos datan desde 2005 a la fecha, corresponde a una experiencia de 17 años. Señala que sobre los periodos 2005-2010 recibió (Reconocimiento de dos sexenios de investigación por la Agencia de Calidad y Prospectiva Universitaria de Aragón y por la Agencia Nacional de Evaluación de la Calidad (ANECA) que no es objeto de valoración en este criterio. - En el ámbito académico cuenta con más de 60 publicaciones y tres tramos de investigación reconocidos (Reconocimiento de dos sexenios de investigación por la Agencia de Calidad y Prospectiva Universitaria de Aragón y por la Agencia Nacional de Evaluación de la Calidad (ANECA) sobre los períodos 2005-2010 y 2011-2016. - Ha sido director General de Contratación, Patrimonio y Organización del Gobierno de Aragón desde el 8 de agosto de 2015 hasta el 30 de agosto de 2019. En el ejercicio de sus funciones participó en la tramitación de: • Expedientes de contratación • Recursos especiales en materia de contratación. - Presidente de la Junta Consultiva de Contratación Administrativa de la Comunidad Autónoma de Aragón (2015-2019), habiendo participado en la elaboración y deliberación de más de 70 informes de dicho órgano consultivo. (CORRESPONDE A LOS MISMOS AÑOS ANTERIORES), ASÍ COMO: - Presidente del Foro de Contratos Públicos de la Comunidad Autónoma de Aragón (2017-2019). • Presidente de la Comisión de Contratación Centralizada de la Comunidad Autónoma de Aragón (2017-2019). • Presidente de la Junta de Reclamaciones Económico Administrativas de la Comunidad Autónoma de Aragón (2015-2019). -Muestra unas lista de Principales trabajos destacados ejecutados/en ejecución relacionado con el objeto del contrato con fecha de inicio-fin que datan desde 2005 hasta 2024. Pero como se evalúan los años de experiencia actuales corresponde valorar desde el año 2005 hasta 2022, POR LO QUE CORRESPONDERÍA A UNA EXPERIENCIA DE 17 AÑOS EN MATERIA DE CONTRATACIÓN PÚBLICA. SE ESTIMA UNA EXPERIENCIA DE 17 AÑOS RELACIONADAS CON EL OBJETO DEL CONTRATO. POR LO QUE CORRESPONDERÍA A 7 AÑOS COMO EXPERIENCIA ADICIONAL. NOTA: SE VALORA LOS AÑOS DE EXPERIENCIA ADICIONALES RELACIONADOS CON EL OBJETO DEL CONTRATO Y LA EXPERIENCIA TOTAL, SOLO LA ADICIONAL A LA EXIGIDA EN EL PPT (10 AÑOS). | T10: =2022-2005 -> 17
A11: =Gral!A7 -> 2.4. Publicaciones en revistas, blogs de contratación, autoría de libros, etc., relacionadas con el objeto del contrato (7%). | B11: (Máximo 100 puntos antes de aplicar el coeficiente de ponderación) Se valorará que cuente con publicaciones de artículos en revistas especializadas y de claro prestigio en el ámbito jurídico, revistas indexadas en el JCR (Journal Citation Reports), etc., publicaciones en blogs que contengan aportaciones sustanciales en materia de contratación pública, autoría de libros relacionados con el objeto del contrato, en los últimos Diez (10) años. Se asignará (10) puntos por cada publicación realizada por el consultor/a en materia de contratación pública, valorándose como máximo 10 publicaciones. Por lo que se le asignará la máxima puntuación a los licitadores que presenten publicaciones ≥ 10. - Numero de Publicaciones y respectivas puntuaciones: 1 = 10 puntos 2 = 20 puntos 3 = 30 puntos 4 = 40 puntos 5= 50 puntos 6 = 60 puntos 7 = 70 puntos 8 = 80 puntos 9 = 90 puntos ≥ 10= 100 puntos Nota: Para su acreditación se deberá presentar una relación de las principales publicaciones realizadas por el consultor/a, objeto de este contrato. Destacando el tema, institución, año de publicación y si se trata de: libros, capítulos de libros, artículos de revistas especializadas o de difusión internacional. Se deberá facilitar los enlaces de los artículos para su comprobación, etc. No se considerarán aquellos que no se puedan comprobar. | D11: 40 | E11: Oferta 4 publicaciones, las cuales han sido verificadas correctamente y son adecuadas. Publicaciones: - Araújo Barceló, A. (2018). El reequilibrio económico-financiero y los límites a la modificación de los contratos: una vuelta más al caso de la autopista de peaje Madrid-Toledo (AP-41), Contratación Administrativa Práctica, Wolters Kluwer, nº 155, 2018. Enlace http://cdt.fomento.es/cgi-bin/koha/opac- detail.pl?biblionumber=68900 . - Araújo Barceló, A. y Gonzalez-Deleito Domínguez, N. (2014). La entrada de capital privado en Aena Aeropuertos, S.A. ¿Operación patrimonial o establecimiento de una Colaboración Público-Privada?". En M. A. Girela (Coord.) Problemas y actualidad de Derecho Administrativo. Anuario Enlace Civitas. (pp. 537-570), 2014 https://dialnet.unirioja.es/servlet/articulo?codigo=4689313 . - Araújo Barceló, A., Botella Carretero, J. y Gonzalez-Deleito Domínguez, N. (2015). La RPA en las concesiones de obra pública ¿Mito o realidad? (especial referencia a las autopistas de peaje). En M. A. Recuerda Girela (Coord.) Problemas y actualidad de Derecho Administrativo. Anuario 2015, Civitas. Enlace https://dialnet.unirioja.es/servlet/articulo?codigo=5071902 - Araújo Barceló, A. (2013). La Colaboración Público-Privada: Entre Indeterminación, Flexibilidad e Incertidumbre. Instituto de Estudios Fiscales del Ministerio de Economía y Hacienda. Director: Luciano Parejo Alfonso (Catedrático de Derecho Administrativo en la Universidad Carlos III de Madrid).Enlace https://www.ief.es/docs/destacados/publicaciones/documentos_trabajo/ 2013_04.pdf Se confirma que posee 4 publicaciones, las cuales están perfectamente acreditadas y que se relacionan con el objeto del contrato. | F11: 0 | G11: NO SE APORTA POR EL LICITADOR | H11: 50 | I11: Oferta 8 Publicaciones, las cuales han sido verificadas y según la documentación presentada y el criterio, solo se podrán valorar 5, al haber 3 de ellas con una antigüedad superior a 10 años. PUBLICACIONES: - Artículo titulado “La figura de la subcontratación en la nueva legislación de contratos de las Administraciones Públicas”, publicado en el número 1 (Abril-2003) del Repertorio de Jurisprudencia de Aranzadi. Anexo 9. COMPROBADO, PERO SUPERA LOS 10 AÑOS ESTIPULADOS EN EL CRITERIO, POR LO QUE NO PODRÁ SER TOMADO EN CUENTA EN LA VALORACIÓN DE ESTE CRITERIO. - Artículo titulado “Algunas notas sobre el nuevo régimen de la subcontratación en el sector de la construcción”, publicado en el número 31(2007) de la Revista Aragonesa de Administración Pública. Anexo 10. COMPROBADO, PERO SUPERA LOS 10 AÑOS ESTIPULADOS EN EL CRITERIO, POR LO QUE NO PODRÁ SER TOMADO EN CUENTA EN LA VALORACIÓN DE ESTE CRITERIO. - Artículo titulado “La subcontratación en el sector de la construcción”, publicado en la Revista de Antiguos Alumnos de la Escuela de Negocios San Pablo-CEU (2008). Anexo 11. COMPROBADO, PERO SUPERA LOS 10 AÑOS ESTIPULADOS EN EL CRITERIO, POR LO QUE NO PODRÁ SER TOMADO EN CUENTA EN LA VALORACIÓN DE ESTE CRITERIO. -Artículo titulado “Contratación pública y urbanismo. Novedades a la luz de la Ley de Contratos del Sector Público”, en Contratación administrativa práctica: revista de la contratación administrativa y de los contratistas, núm. 158, 2018. Se puede acceder a través del siguiente enlace: https://dialnet.unirioja.es/servlet/articulo?codigo=6703790. COMPROBADO - Capítulo titulado “Mecanismos para la protección del medio ambiente en la nueva Ley de Contratos del Sector Público” en la monografía titulada “Mecanismos económicos y de mercado para la protección ambiental”, en la Revista Aragonesa de Administración Pública, año 2018. Se puede acceder a través del siguiente enlace: https://dialnet.unirioja.es/servlet/articulo?codigo=6888450. COMPROBADO - Artículo titulado “Juntas de compensación y contratación pública: análisis de la cuestión desde la figura del poder adjudicador” en la Revista de Derecho Urbanístico y Medio Ambiente, ISSN 1139-4978, Nº 336, 2020. Se puede acceder a través del siguiente enlace: https://dialnet.unirioja.es/servlet/articulo?codigo=7345637. COMPROBADO -Artículo titulado “La subcontratación de los contratos públicos como herramienta de planificación estratégica”, en la Revista General de Derecho Administrativo, núm. 56, 2021. Se puede acceder a través del siguiente enlace: http://laadministracionaldia.inap.es/noticia.asp?id=1511491. COMPROBADO -Tesis doctoral: El papel estratégico de la contratación pública para la consecución de Políticas Públicas. 16 de noviembre de 2020. Se puede acceder a través del siguiente enlace:https://ruidera.uclm.es/xmlui/bitstream/handle/10578/28721/TESIS%20Serna%20Bardavio.pdf?sequence=1&isAllowed=y. publicado en la universidad UCLM. C SE PRESENTAN UN TOTAL DE 8 PUBLICACIONES DE LAS CUALES 5 SON ADECUADAS, YA QUE TRES DE ESTAS SE HAN PUBLICADO CON UNA ANTIGÜEDAD SUPERIOR A 10 AÑOS. SE VALORARAN 5 PUBLICACIONES EN ESTE CRITERIO | J11: 0 | K11: Oferta 2 publicaciones, las cuales no se podrán validar como correctas , ya que al realizar la verificación no aparece como autor o co-autor el consultor evaluado. Además de que las publicaciones tienen una antigüedad superior a 10 años. Presenta en la documentación sus publicaciones destacadas. De entre dichas publicaciones, se destacan a continuación las que versan sobre contratación pública: - “Régimen jurídico de los aeropuertos”, en Julio V. González García (dir.), “Derecho de los Bienes públicos”, Tirant lo Blanch, Valencia, 2.005, págs. 779-820 (ISBN: 84-8456-353-7) y 2ª ed., 2009, pgs. 819-922 (ISBN: 10 8498761468; ISBN: 13 9788498761467). •https://editorial.tirant.com/es/libro/regimen-juridico-de-los-aeropuertos-jose-esteve-pardo-9788484422990. • https://dialnet.unirioja.es/servlet/articulo?codigo=2125088 AL ACCEDER A LOS ENLACES EL AUTOR NO CORRESPONDE CON EL PERFIL QUE SE HA PROPUESTO COMO CONSULTOR. SOLO APARECE UN AUTOR. ADEMÁS, LAS PUBLICACIONES EXCEDE LA ANTIGÜEDAD DE LOS 10 AÑOS. - “El Derecho urbanístico en España”, “Los patrimonios públicos del suelo”, “Las expropiaciones urbanísticas” y “Los convenios urbanísticos”, en Juan Ramón Fernández Torres y Fernando Vela Cossío (coordinadores), "Derecho urbanístico y protección del patrimonio", tomo IV de la obra colectiva dirigida por Antonio Eduardo Humero Martín, “Tratado técnico-jurídico de la edificación y del urbanismo”, Thomson Reuters Aranzadi, Pamplona, 1ª ed., 2010, pgs. 49-80, 369-396, 473-524 y 525-545, de forma respectiva (ISBN Tomo IV: 978-84-9903-393-8; ISBN Obra completa: 978-84-9903-356-3). • https://editorial.tirant.com/es/libro/derecho-urbanistico-y-proteccion-del-patrimonio-tomo-iv-9788499033938 • https://dialnet.unirioja.es/servlet/libro?codigo=413823 • https://rebiun.baratz.es/rebiun/doc?q=978-84-9903-356-3+%7C%7C+9788499033563&start=0&rows=1&sort=score%20desc&fq=msstored_mlt172&fv=LIB&fo=and&redo_advanced=false AL ACCEDER A LOS ENLACES EL AUTOR NO CORRESPONDE CON EL PERFIL QUE SE HA PROPUESTO COMO CONSULTOR. SOLO APARECE UN AUTOR. ADEMÁS, LAS PUBLICACIONES EXCEDE LA ANTIGÜEDAD DE LOS 10 AÑOS. NO SE VALORARÁN LAS PUBLICACIONES PRESENTADAS EN MATERIA DE CONTRATACIÓN DEL PERFIL DEL CONSULTOR, DEBIDO A QUE NO SE HA PODIDO COMPROBAR LA AUTORÍA DE LAS PUBLICACIONES PRESENTADAS, ADEMÁS NO SE CUMPLE EL REQUISITO DE QUE LA ANTIGÜEDAD DE LAS PUBLICACIONES (ÚLTIMOS 10 AÑOS). | L11: 100 | M11: Oferta 10 publicaciones, las cuales han sido verificadas correctamente y son adecuadas. PUBLICACIONES Ha participado en las siguientes publicaciones: 1- LIBRO “Guía práctica para minimizar los riesgos de recursos contractuales” 2022 https://esinfo.wolterskluwer.com/resoluciones-minimizar-riesgos?utm_medium=email&utm_source=WKES_PUB_%20NUR_C_WP-Guia-Minimizar-Riesgos-0322-EM1_%2F110000292&utm_campaign=WKES_PUB_%20NUR_C_WP-Guia-Minimizar-Riesgos-0322-GVT_%2F110000292&utm_source_system=Eloqua&utm_econtactid=&elqTrackId=4E423B502309C9A91A799740726E39E8&elq=4988ae3738064f7ebaa41a3739e8f2c8&elqaid=3103&elqat=1&elqCampaignId=1683. COMPROBADO 2- Artículo “SERIE SOLVENCIAS CANTAZO” 2021 http://bajatemeraria.blogcanalprofesional.es/serie-solvencias-cantazo/ 3- Artículo “Ud. FUERA, NO CUMPLE. ¡PERO QUE PUEDO EJECUTAR EL CONTRATO! ¡NO ME EXCLUYAN!” 2020 http://bajatemeraria.blogcanalprofesional.es/ud-fuera-no-cumple-pero-que-puedo-ejecutar-el-contrato-no-me-excluyan/. COMPROBADO 4- Artículo “PROCEDIMIENTOS VINTAGE: LA FALSA MUERTE DEL NEGOCIADO SIN PUBLICIDAD” Año 2020 http://bajatemeraria.blogcanalprofesional.es/procedimientos-vintage-la-falsa-muerte-del-negociado-sin-publicidad-como-debemos-emplearlo-correctamente-breve-resena-puedo-no-regular-en-el-pliego-las-ofertas-anormalmente-bajas-y-que/. COMPROBADO 5- Artículo “ENTONCES, EN EL PROCEDIMIENTO SIMPLIFICADO… ¿PIDO LA INSCRIPCIÓN EN EL ROLECE? Año 2020. COMPROBADO http://bajatemeraria.blogcanalprofesional.es/entonces-en-el-procedimiento-simplificado-pido-la-inscripcion-en-el-rolece/ 6- Artículo “ENTONCES, EN EL PROCEDIMIENTO SIMPLIFICADO… ¿PIDO LA INSCRIPCIÓN EN EL ROLECE?” Año 2020. SE REPITE EL ARTICULO, PERO EL ENLACE CORRESPONDE A OTRO ARTICULO RELACIONADO CON EL OBJETO DEL CONTRATO. http://bajatemeraria.blogcanalprofesional.es/en-serio-que-tengo-que-licitar-el-mantenimiento-de-los-extintores-de-la-oficina/ 7- ARTICULO DOCTRINAL “Mercantiles de capital público: vuelta a la senda que se ha de volver a pisar. Pinceladas de la nueva norma relativas a poderes adjudicadores no Administración Pública” Año 2018. COMPROBADO https://obcp.es/index.php/opiniones/mercantiles-de-capital-publico-vuelta-la-senda-que-se-ha-de-volver-pisar-pinceladas-de-la 8- OBSERVATORIO CONTRATACIÓN PÚBLICA Alternativas al contrato menor: Contratación conjunta esporádica en los PANAPS Los PANAPS, por regla general, son instrumentos que utilizan las Administraciones Públicas para el cumplimiento de las más variadas tareas. Marc Gil Van Beveren, Abogado y consultor en contratación pública. Profesor Derecho Administrativo, Universidad Nebrija. Diego Ballina Díaz Secretario Letrado de la Junta de Gobierno Local. Ayuntamiento de Gijón Abril 2019. NO SE ADJUNTA ENLACE, PERO SE HA ENCONTRADO Y COMPROBADO MEDIANTE EL ENLACE: https://obcp.es/opiniones/alternativas-al-contrato-menor-contratacion-conjunta-esporadica-en-los-panaps 9- OBSERVATORIO CONTRATACIÓN PÚBLICA.- Mercantiles de capital público: vuelta a la senda que se ha de volver a pisar. Pinceladas de la nueva norma relativas a poderes adjudicadores no Administración Pública.- enero 2018. NO SE ADJUNTA ENLACE, PERO SE HA ENCONTRADO Y COMPROBADO MEDIANTE EL ENLACE: http://www.obcp.es/opiniones/mercantiles-de-capital-publico-vuelta-la-senda-que-se-ha-de-volver-pisar-pinceladas-de-la 10- El Consultor Contratación Administrativa, 13 de Noviembre de 2018, Editorial LA LEY Acuerdos marco: qué son y para qué sirven. Marc Gil Van Beveren, Abogado y consultor en contratación pública. Profesor Derecho Administrativo, Universidad Nebrija. Diego Ballina Díaz Secretario Letrado de la Junta de Gobierno Local. Ayuntamiento de Gijón. 11-FISCAL Y LABORAL AL DÍA.- Noviembre 2013 Grupo Difusión Jurídica.- Novedades laborales RD 11/2013 de agosto. NO CORRESPONDE CON EL OBJETO DEL CONTRATO 12- ECONOMISTA & JURIST.- Febrero 2014 Grupo Difusión Jurídica.- Tratamiento fiscal de las indemnizaciones por despido tras la reforma laboral. NO CORRESPONDE CON EL OBJETO DEL CONTRATO 13- CONOCIMIENTO Y CAPITAL HUMANO (Revista Fundación Confemetal) Diciembre 2013. Ley 14/2013 de apoyo a emprendedores y su internacionalización. NO CORRESPONDE CON EL OBJETO DEL CONTRATO 14- CONOCIMIENTO Y CAPITAL HUMANO (Revista Fundación Confemetal) Marzo 2014. Los socios minoritarios en las sociedades de responsabilidad limitada: derechos y medios de protección reforzada en la toma de decisiones. NO CORRESPONDE CON EL OBJETO DEL CONTRATO 15- CENTRO ESTUDIOS FINANCIEROS.- REVISTA ANTIGUOS ALUMNOS.- Avances mercantiles actuales y signos externos de evolución legislativa. Febrero 2014 En Madrid, a 17. NO CORRESPONDE CON EL OBJETO DEL CONTRATO HA PRESENTADO 15 PUBLICACIONES DE LAS CUALES 10 SON CONSIDERADAS ADECUADAS AL OBJETO DEL CONTRATO, PUBLICADAS EN LOS 10 ÚLTIMOS AÑOS Y HAN SIDO COMPROBADAS CORRECTAMENTE | N11: 100 | O11: Oferta 25 publicaciones, las cuales han sido verificadas correctamente y son adecuadas. Libros: 1. La adjudicación de contratos públicos en la nueva ley de contratos del sector público Aranzadi Thomson Reuters, 2017. ISBN 978-84-9177-608-6 https://dialnet.unirioja.es/servlet/libro?codigo=763878 2. La modificación de los contratos públicos Aranzadi, 2015. ISBN 978-84-9098-230 3zhttps://dialnet.unirioja.es/servlet/libro?codigo=753074 Artículos de Libros: 3. VII.9. Las modificaciones y cesiones de las concesiones La gestión de los servicios públicos locales en el marco de la LCSP, la LRJSP y la LRSAL / coord. por José Manuel Martínez Fernández; Francisco Sosa Wagner (pr.), 2019, ISBN 978-84-7052-487-5 https://dialnet.unirioja.es/servlet/articulo?codigo=7246533 4. La solvencia en la nueva LCSP Estudio sistemático de la ley de contratos del sector público / José María Gimeno Feliú (dir.), 2018, ISBN 978-84-9177-627-7, págs. 715-747 https://dialnet.unirioja.es/servlet/articulo?codigo=6557649 5. La ejecución de los contratos públicos: Parte I. La nueva Ley de Contratos del Sector Público: Curso de actualización: especial referencia a la contratación de las entidades locales / Silvia Díez Sastre (ed. lit.), 2018, ISBN 9788469788417, págs. 258-281 https://dialnet.unirioja.es/servlet/articulo?codigo=6789578 6. Modificación de los contratos: [artículos 203-207] Contratación del sector público local: comentarios al articulado de la nueva Ley 9/2017, de 8 de noviembre, de Contratos del Sector Público / José Manuel Martínez Fernández (dir.), Pedro Bocos Redondo (dir.), Vol. 1, 2018 ([Artículos 1-230]), ISBN 978-84-7052-751-7, págs. 1027-1064 https://dialnet.unirioja.es/servlet/articulo?codigo=7546141 7. El contrato de concesión de obras Comentarios a la Ley de contratos del sector público: adaptados a la Orden HFP/1298/2017, de 26 de diciembre / coord. por Alberto Palomar Olmeda, Mario Garcés Sanagustín, Javier Vázquez Garranzo, 2018, ISBN 978-84-9020-673-7, págs. 669-736 https://dialnet.unirioja.es/servlet/articulo?codigo=6332098 8. La contratación pública ante la crisis económica: modificados a la baja y otras consideraciones. Las reformas administrativas de la crisis / coord. por Mariano López Benítez, Jesús Angel Fuentetaja Pastor, Sonia Rodríguez-Campos González, 2017, ISBN 978-84-9135-551-9, págs. 175-194 https://dialnet.unirioja.es/servlet/articulo?codigo=6233209 9. Smart cities y contratación pública: nuevo modelo derivado del actual giro ideológico. Nueva contratación pública: mercado y medio ambiente / coord. por Martín María Razquin Lizarraga, José Francisco Alenza García, 2017, ISBN 978-84-9152-075-7, págs. 299-330 https://dialnet.unirioja.es/servlet/articulo?codigo=6033662 Artículos de Revista 10. Pautas prácticas para evitar la ineficiencia y falta de concurrencia por la inadecuación de la solvencia. Contratación administrativa práctica: revista de la contratación administrativa y de los contratistas, ISSN 1579-3036, Nº. 177, 2022, págs. 92-109 https://dialnet.unirioja.es/servlet/articulo?codigo=8243159 11. Preguntas frecuentes sobre ofertas anormalmente bajas. Contratación administrativa práctica: revista de la contratación administrativa y de los contratistas, ISSN 1579-3036, Nº. 176, 2021, págs. 37-41 https://dialnet.unirioja.es/servlet/articulo?codigo=8173368 12. Prácticas específicas para favorecer la eficiencia en contratación pública. Contratación administrativa práctica: revista de la contratación administrativa y de los contratistas, ISSN 1579-3036, Nº. 174, 2021, págs. 29-36 https://dialnet.unirioja.es/servlet/articulo?codigo=8075430 13. ¿Cómo afecta el Real Decreto-ley 36/2020 a la contratación pública? Contratación administrativa práctica: revista de la contratación administrativa y de los contratistas, ISSN 1579-3036, Nº. 171, 2021, págs. 168-180 https://dialnet.unirioja.es/servlet/articulo?codigo=7811102 14. Análisis práctico de los Proyectos Estratégicos para la Recuperación y Transformación Económica. Contratación administrativa práctica: revista de la contratación administrativa y de los contratistas, ISSN 1579-3036, Nº. 172, 2021, págs. 81-99 https://dialnet.unirioja.es/servlet/articulo?codigo=7821991 15. Cuestiones prácticas de la modificación del contrato. Contratación administrativa práctica: revista de la contratación administrativa y de los contratistas, ISSN 1579-3036, Nº. 165, 2020, págs. 42-58 https://dialnet.unirioja.es/servlet/articulo?codigo=7253113 16. Expediente de contratación. Consultor de los ayuntamientos y de los juzgados: Revista técnica especializada en administración local y justicia municipal, ISSN 0210-2161, Nº. Extra 2, 2020 (Ejemplar dedicado a: Contratos del sector público: escenario 2020) https://dialnet.unirioja.es/servlet/articulo?codigo=7414000 17. La valoración de las ofertas económicas en la nueva LCSP. Fórmulas válidas. Consultor de los ayuntamientos y de los juzgados: Revista técnica especializada en administración local y justicia municipal, ISSN 0210-2161, Nº. Extra 2, 2020 (Ejemplar dedicado a: Contratos del sector público: escenario 2020) https://dialnet.unirioja.es/servlet/articulo?codigo=7414011 18. La compra conjunta y fórmulas eficientes de contratación. Contratación administrativa práctica: revista de la contratación administrativa y de los contratistas, ISSN 1579-3036, Nº. 168, 2020, págs. 5-16 https://dialnet.unirioja.es/servlet/articulo?codigo=7502765 19. Fondos europeos Covid-19:: pautas para la gestión exitosa de las contrataciones públicas maximizando los fondos y evitando las correcciones. Contratación administrativa práctica: revista de la contratación administrativa y de los contratistas, ISSN 1579-3036, Nº. 170, 2020, págs. 29-35 https://dialnet.unirioja.es/servlet/articulo?codigo=7686972 20. Medidas para la aplicación práctica de la contratación pública a las empresas. Contratación administrativa práctica: revista de la contratación administrativa y de los contratistas, ISSN 1579-3036, Nº. 166, 2020, págs. 3-10 https://dialnet.unirioja.es/servlet/articulo?codigo=7426940 21. El contrato menor. Pasado presente y futuro. Contratación administrativa práctica: revista de la contratación administrativa y de los contratistas, ISSN 1579-3036, Nº. 169, 2020, págs. 40-56 https://dialnet.unirioja.es/servlet/articulo?codigo=7588744 22. Control interno en la nueva Ley de Contratos del Sector Público. Presupuesto y gasto público, ISSN 0210-5977, Nº 91, 2018, págs. 103-117 https://dialnet.unirioja.es/servlet/articulo?codigo=6526721 - 23. La nueva Ley de Contratos del Sector Público: un soplo de aire fresco para la Pyme. -24.La inaplicación de las reglas de los encargos a medios propios de las directivas de contratos en las concesiones de servicio de transporte de viajeros. -25. El concepto de mejor relación calidad precio. La imposibilidad de que el precio sea el factor determinante. SE ACREDITAN CORRECTAMENTE 25 PUBLICACIONES | P11: 100 | Q11: 'Oferta 21 publicaciones, las cuales han sido verificadas correctamente y son adecuadas. PUBLICACIONES: 1- Hacia una contratación pública eficiente: medidas de simplificación y mejora de los procesos de compra pública.”, Observatorio de contratos públicos 2012. Tercera edición del anuario. 2 -La igualdad de género y los contratos públicos”, 03-09-2012, ObCP. 3-La tutela de los licitadores en los contratos de los órganos de control externo”, Revista de los Órganos Autónomos de Control Externo, ISSN 1136-517X, Nº, 58, 2012, págs., 95-109. 4- “La motivación de las resoluciones de adjudicación de contratos públicos”, Revista de estudios locales. Cunal,, ISSN 1578-9241, nº Extra 161, 2013 (Ejemplar dedicado a cuestiones teóricas y prácticas sobre la contratación pública local). 5- “El sistema de tutela de la “buena administración contractual”. Revista española de derecho administrativo, ISSN 0210-8461, Nº160, 2013. 6-"La independencia de los órganos de recurso especial de las Entidades Locales”, 16/09/2013, ObCP. 7-“La contratación de las Entidades locales en el nuevo paquete legislativo europeo sobre contratos públicos”, Revista de Estudios de la Administración Local y Autonómica; nueva época, ISSN-e 1989-8975, nº2, 2014. 8-“Lo programas de Compliance en el nuevo Derecho de los contratos públicos”, 2015, ObCP. 9-“Los efectos de los programas “Compliance” en la contratación pública”, Las nuevas directivas de contratación pública: (ponencia sectoriales X Congreso Asociación Española Profesores de Derecho Administrativo), 2015, ISBN 978-84-9098-454-3, págs., 411-422. 10-“Compra pública de innovación: una aproximación pro-competitiva”, Contratación, competencia y sostenibilidad: últimas aportaciones desde el derecho administrativo. 2017, ISBN 978-84-9152-941-5, págs., 83-105. 11-“El desarrollo autonómico de la normativa sobre contratos públicos”, Revista Aragonesa de Administración Pública, ISSN 1133-4797, nº extra 18, 2018. 12- “Blockchain, Administración y contratación pública.”, 12/07/2018, ObCP. 13- “La transposición de la Directiva 2014/25/UE al Derecho interno español y su articulación con la legislación general de contratos del sector público”, Contratación pública y agua: el impacto de la nueva regulación de los contratos públicos en el Derecho de aguas., 2018, ISBN 978-84-9177-344-3, págs.,89-108. 14- “Las “leyes del contrato” (los pliegos): contenido esencial y formas de control”, Estudio sistemático de la ley de contratos del sector público, 2018. ISBN 978-84-9177-627-7 págs. 15- “Licitación electrónica y tecnología de registro distribuido”, Observatorio de Contratos públicos 2018, ISBN 978-84-1309-941-5, págs., 229-251. 16-“Medidas digital urgentes por razones de seguridad pública. Breve comentario al Real Decreto-Ley 14/2019”, de 31 de octubre. Boletic 85, 2019. 17- “The use ofe Smart contracts for public tenders in the Región of Aragón (Spain)”, Alastria misión and visión. A Multidisciplinary Research. 2020, ISBN 978-84-290-2312-1. Págs., 151-156. 18-“La gestión contractual de los fondos del mecanismo de Recuperación y Resiliencia”: Ideas para diseñar y controlar mejor la ejecución de los contratos”, en Revista Aragonesa de Administración Pública, ISSN 1133-4797, nº extra 20, 2021. 19- “Plazo para aprobación de los Planes de medidas antifraude de aplicación a proyectos financiados con fondos del Plan de Recuperación”, 23-12-2021, ObCP. 20- “Plazo para aprobación de los Planes de medidas antifraude de aplicación a proyectos financiados con fondos del Plan de Recuperación”, 23-12-2021, ObCP. 21- “Cataluña establece sus especialidades en la contratación con cargo a fondos europeos”, 04-02-2021, ObCP. ACREDITADOS CORRECTAMENTE Se confirma que posee 21 publicaciones, las cuales están perfectamente acreditadas y que se relacionan con el objeto del contrato.
A13: =Gral!A8 -> 2.5. Colaboración internacional del consultor/a (3%) | B13: (Máximo 100 puntos antes de aplicar el coeficiente de ponderación) Se valorará que el consultor/a este o ha estado suscrito a un acuerdo o convenio de colaboración internacional en materia de contratación pública a instituciones del sector publico u otras instituciones. Si colabora se le otorgarán 100. El licitador debe poner 1 si es o ha sido colaborador internacional, 0 si no es colaborador. Nota: Se deberá avalar su participación como consultor/a internacional en su trayectoria profesional (carta de colaboración, etc.). contratos, convenios, etc. | D13: 0 | E13: No se presenta documentación relativa a este criterio | F13: 100 | G13: APORTA CERTIFICADO DE BUENA EJECUCIÓN PARA ACREDITAR EL CUMPLIMIENTO DE ESTE CRITERIO. En este se detalla lo siguiente: - Trabajos ejecutados en CABO VERDE: ❖ Instalación de equipamiento para la Tienda Calnava San Vicente y Tienda Calnava Praia. - Trabajos ejecutados en ALEMANIA: ❖Preparación de la licitación “Bluehouse Helgoland”. - Trabajos ejecutados en ITALIA: ❖ Concurso de diseño para la remodelación y recuperación del complejo de edificios en Vía Príncipe Umberto en Roma. ❖Concurso de diseño del pabellón internacional Barilla, en Parma. - Análisis del marco de Contratación Pública en Albania, Francia y Portugal. | H13: 0 | I13: NO SE PRESENTA DOCUMENTACIÓN RELATIVA A ESTE CRITERIO | J13: 0 | K13: NO SE PRESENTA DOCUMENTACIÓN RELATIVA A ESTE CRITERIO | L13: 100 | M13: PRESENTA DECLARACIÓN JURADA CERTIFICANDO LA experiencia en el ámbito de la colaboración internacional de consultoría para lo que aporto, contratos suscritos con la entidad FIIAPP (Fundación Internacional y para Iberoamérica de Administración y Políticas Públicas) para el asesoramiento en materia de contratación pública, vigente desde el 10 de marzo de 2020. Así mismos adjunta contrato . | N13: 100 | O13: Es miembros del Grupo de expertos de la Comisión Europea en materia de contratación pública. ACREDITADO MEDIANTE CARTA DE COLABORACIÓN EN INVITACIONES DE LA COMISIÓN COMO PONENTE. Datos de las ponencias/ proyecto en los que ha participado, etc.,.. | P13: 100 | Q13: 2.5 COLABORACIÓN INTERNACIONAL DEL CONSULTOR. Para la valoración del referido criterio se adjunta la siguiente documentación acreditativa de la intervención y colaboración internacional en materia de contratación pública desarrollada por Miguel Ángel Bernal Blay. 1. Certificado acreditativo del acuerdo de colaboración en el desarrollo del proyecto internacional ‹‹Suporta to establish a strategy for Green and socially responsabible corporate procurement››, financiado por el Banco Europeo de Desarrollo (Council of Europe Development Bank) (2021-2022). 2. Certificado emitido por la Universidad de Zaragoza referido a la labor de investigador externo del proyecto/grupo de investigación Ref. I-2015/002, denominado:”PP14Waste Promotion of Public Procurement of Innovation for Resource Efficiency and Waste Treatment (H2020 Gran Agreement nº 642451), financiado por Unión Europea. 3. Certificado emitido por la Universidad de Zaragoza relative al Proyecto de “Asesoramiento especializado para la tramitación de un procedimiento de compra pública innovadora que tiene por objeto la adquisición coordinada y transfronteriza de soluciones innovadoras para construcción sostenible”, (2014-2015), financiado por Fundación Tecnalia Research & Innovation. LA COLABORACIÓN LA ACREDITA MEDIANTE CERTIFICADO EMITIDO POR LA FACULTA DE DERECHO UNIVERSIDAD DE ZARAGOZA
A14: 1
D15: =IF(SUM(D5:D12)=SUM(Gral!#REF!,Gral!#REF!,Gral!C7:C8),"OK","ERROR") -> #REF!

Sheet PROPOSICIONES PROPUESTA
A2: E22-0001 | B2: Peso | C2: SERVICIO DE ASISTENCIA TÉCNICA ESPECIALIZADA EN CONTRATACIÓN PÚBLICA PARA LA AUTORIDAD PORTUARIA DE BALEARES
A3: 2. CUALIFICACIÓN Y EXPERIENCIA PROFESIONAL Y DOCENTE (60%) | B3: 2.1. Cualificación profesional (20%) | C3: 2.2. Experiencia como Docente (Nº cursos) (15%) | D3: 2.3. Experiencia profesional adicional a la exigida en PPT como asesor en materia de contratación pública (15%) | E3: 2.4. Publicaciones en revistas, blogs de contratación, autoría de libros, etc., relacionadas con el objeto del contrato (7%). | F3: 2.5. Colaboración internacional del consultor/a (3%)
A4: =Resumen!B4 -> ARAÚJO&BENETTI | B4: MÁSTER | C4: 11 | D4: 0 años | E4: 4 | F4: NO
A5: =Resumen!B6 -> EGUESAN ENERGY, S.L | B5: NO ADECUADA | C5: 31 | D5: 5 años | E5: 0 | F5: SI
A6: =Resumen!B8 -> LACASA ABOGADOS | B6: DOCTOR | C6: 9 | D6: 0 años | E6: 5 | F6: NO
A7: =Resumen!B10 -> MONTALVO ASOCIADOS | B7: DOCTOR | C7: 9 | D7: 0 años | E7: 0 | F7: NO
A8: =Resumen!B12 -> VAN BEVEREN | B8: DOCTOR | C8: 36 | D8: 0 años | E8: 10 | F8: SI
A9: =Resumen!B14 -> JAVIER VÁZQUEZ | B9: DOCTOR | C9: 229 | D9: 7 años | E9: 25 | F9: SI
A10: =Resumen!B16 -> yKsios DIGITAL GROWTH | B10: DOCTOR | C10: 52 | D10: 7 años | E10: 21 | F10: SI

Sheet OFERTADO VS ACREDITADO
A1: =Gral!A1 -> E22-0001 | C1: CUANTIFICACIÓN Y COMPROBACIÓN DE CRITERIOS AUTOMATICOS
B2: EMPRESA / UTE | C2: 2.1. Cualificación profesional (20%) | F2: 2.2. Experiencia como Docente (15%) | I2: 2.3. Experiencia profesional adicional a la exigida en PPT como asesor en materia de contratación pública (15%) | L2: 2.4. Publicaciones en revistas, blogs de contratación, autoría de libros, etc., relacionadas con el objeto del contrato (7%). | O2: 2.5. Colaboración internacional del consultor/a (3%)
C3: OFERTA LICITADOR | D3: ACREDITADO | E3: PUNTOS | F3: OFERTA LICITADOR | G3: ACREDITADO | H3: NO. CURSOS | I3: OFERTA LICITADOR | J3: ACREDITADO CV | K3: AÑOS ADICIONALES | L3: OFERTA LICITADOR | M3: ACREDITADO | N3: NO. PUBLICACIONES | O3: OFERTA LICITADOR | P3: ACREDITADO
A4: 1 | B4: ARAÚJO&BENETTI | C4: MÁSTER | D4: Máster en derecho CON 1 ASIGNATURA EN MATERIA DE CONTRATACIÓN | E4: 75 | F4: 13 CURSOS | G4: 11 ACREDITADOS CON FACTURAS, CERTIFICADOS | H4: 11 | I4: 0 AÑOS | J4: 0 AÑOS | K4: 0 | L4: 4 PUBLICACIONES | M4: 4 ACREDITADAS | N4: 4 | O4: NO | P4: NO
A6: 2 | B6: EGUESAN ENERGY, S.L | C6: MÁSTER | D6: NO CORRESPONDE A CURSO ESPECIALISTA EN CONTRATACIÓN DE 25 ETC, SE REQUIERE 60 ETC PARA QUE SEA EQUIVALENTE A MÁSTER | E6: 0 | F6: 31 CURSOS | G6: 31 ACREDITADOS | H6: 31 | I6: 5 AÑOS | J6: 5 AÑOS | K6: 5 | L6: NO SE APORTA POR EL LICITADOR | M6: NO | N6: 0 | O6: SI APORTA DE PARTE DE A.GUERRA & INGENIEROS, S,L CERTIFICADO DE BUENA EJECUCIÓN PARA ACREDITAR EL CUMPLIMIENTO DE ESTE CRITERIO | P6: SI
A8: 3 | B8: LACASA ABOGADOS | C8: DOCTOR | D8: DOCTOR ADJUNTA TESIS DOCTORAL | E8: 100 | F8: 9 CURSOS | G8: 9 ACREDITADOS MEDIANTE CARTAS Y CERTIFICADOS | H8: 9 | I8: 11 AÑOS | J8: 0 AÑOS PRESENTA DOCUMENTO CON LA RELACIÓN DE TRABAJO SIN ESPECIFICAR FECHA INICIO-FIN . POR LO QUE NO SE CUENTA CON LA INFORMACIÓN NECESARIA PARA CUANTIFICAR LOS AÑOS ADICIONALES DE EXPERIENCIA DEL LICITADOR. | K8: 0 | L8: 8 PUBLICACIONES | M8: 5 ACREDITADAS | N8: 5 | O8: NO | P8: NO
A10: 4 | B10: MONTALVO ASOCIADOS | C10: DOCTOR | D10: DOCTOR hoja de servicios expedida por la Universidad Complutense de Madrid NECESITA TITULO DE DOCTOR PARA IMPARTIR CLASES | E10: 100 | F10: 9 CURSOS | G10: 9 ACREDITADOS MEDIANTE CERTIFICADO | H10: 9 | I10: 15 AÑOS Presenta su trayectoria profesional desde 1995-2012. Así como un apartado especificando su experiencia en materia de contratación pública RESEÑANADO LOS AÑOS 2008-2013 Y 2016-2020. EN BASE A ESTO SE DETECTA EXPERIENCIA TOTAL EN MATERIA DE CONTRATACIÓN DE 9 AÑOS | J10: 0 AÑOS PRESENTA DOCUMENTO CON LA RELACIÓN DE TRABAJO SIN ESPECIFICAR EN TODOS LA FECHA INICIO-FIN . POR LO QUE NO SE CUENTA CON LA INFORMACIÓN NECESARIA PARA CUANTIFICAR LOS AÑOS ADICIONALES DE EXPERIENCIA DEL LICITADOR. | K10: 0 | L10: 2 PUBLICACIONES 5 ENLACES DE LAS PUBLICACIONES EN MATERIA DE CONTRATACIÓN. AL ABRIR LOS ENLACES NO APARECE COMO AUTOR O COAUTOR. NO SE HA PODIDO VERIFICAR | M10: 0 ACREDITADAS | N10: 0 | O10: NO | P10: NO
A12: 5 | B12: VAN BEVEREN | C12: NO APORTA | D12: DOCTOR AUNQUE OFERTA QYUE NO Detalla en su curriculum vitae poseer la titulación de Doctor en Derecho, Gobierno y Políticas Públicas por la Universidad Autónoma de Madrid | E12: 100 | F12: 41 CURSOS | G12: 36 ACREDITADOS MEDIANTE CERTIFICADOS/CARTAS | H12: 36 | I12: OFERTA 4 AÑOS PERO EN CV SE CUANTIFICA: 10 AÑOS Y 3 MESES DE EXPERIENCIA RELACIONADA CON EL OBJETO DEL CONTRATO, que correspondería a 0 años de experiencia adicional. -2012-ACTUALIDAD (10 AÑOS Y 3 MESES) RELACIONADAS AL OBJETO -2007-2011- NO SE RELACIONA CON EL OBJETO DEL CONTRATO - 2003-2007-NO SE RELACIONA CON EL OBJETO DEL CONTRATO - 2000-2003 - NO INDICA TRABAJOS DESEMPEÑADOS PARA SABER SI SE RELACIONA O NO CON EL OBJETO DEL CONTRATO | J12: 0 AÑOS | K12: 0 | L12: 10 PUBLICACIONES | M12: 10 ACREDITADAS | N12: 10 | O12: SI PRESENTA DECLARACIÓN JURADA CERTIFICANDO la experiencia en el ámbito de la colaboración internacional de consultoría para lo que aporto, contratos suscritos con la entidad FIIAPP (Fundación Internacional y para Iberoamérica de Administración y Políticas Públicas) | P12: SI
A14: 6 | B14: JAVIER VÁZQUEZ | C14: DOCTOR | D14: DOCTOR COPIA DE TITULO DE DOCTOR EN DERECHO | E14: 100 | F14: 229 CURSOS | G14: 229 ACREDITADOS MEDIANTE FACTURA | H14: 229 | I14: 7 AÑOS | J14: 7 AÑOS | K14: 7 | L14: 25 PUBLICACIONES | M14: 25 ACREDITADAS | N14: 25 | O14: SI Es miembros del Grupo de expertos de la Comisión Europea en materia de contratación pública. ACREDITADO MEDIANTE CARTA DE COLABORACIÓN EN INVITACIONES DE LA COMISIÓN COMO PONENTE. Datos de las ponencias/ proyecto en los que ha participado, etc.,.. | P14: SI
A16: 7 | B16: yKsios DIGITAL GROWTH | C16: DOCTOR | D16: DOCTOR COPIA DE TITULO DE DOCTOR EN DERECHO | E16: 100 | F16: 78 CURSOS | G16: 52 CURSOS - 20 NO SE RELACIÓN CON EL OBJETO - 51 CURSOS IMPARTIDOS MEDIANTE LAS ACTIVIDADES DOCENTES DE LOS CUALES 47 SE ENLISTA EN HOJA ACREDITATIVA DE LA UNIVESIDAD PERO DICHA ACREDITACIÓN NO TIENE FIRMA VÁLIDA - SE SALTA 1 NÚMERO DE LA LISTA | H16: 52 | I16: OFERTA 19 AÑOS PERO SE CUANTIFICAN: 17 AÑOS Detalla que posee 19 años de experiencia en asesoramiento en materia de contratación pública. Sin embargo en CV y en base a la relación de trabajos realizados que datan desde 2005 a la fecha, corresponde a una experiencia de 17 años | J16: 7 AÑOS | K16: 7 | L16: 21 PUBLICACIONES | M16: 21 ACREDITADAS | N16: 21 | O16: SI COLABORACIÓN ACREDITADA MEDIANTE CERTIFICADO EMITIDO POR LA FACULTA DE DERECHO UNIVERSIDAD DE ZARAGOZA | P16: SI

Sheet CÁLCULO DE PUNTOS fórmulas
A2: E22-0001 | B2: Peso | C2: SERVICIO DE ASISTENCIA TÉCNICA ESPECIALIZADA EN CONTRATACIÓN PÚBLICA PARA LA AUTORIDAD PORTUARIA DE BALEARES
A3: 2. CUALIFICACIÓN Y EXPERIENCIA PROFESIONAL Y DOCENTE (60%) | C3: =Resumen!B4 -> ARAÚJO&BENETTI | D3: =Resumen!B6 -> EGUESAN ENERGY, S.L | E3: =Resumen!B8 -> LACASA ABOGADOS | F3: =Resumen!B10 -> MONTALVO ASOCIADOS | G3: =Resumen!B12 -> VAN BEVEREN | H3: =Resumen!B14 -> JAVIER VÁZQUEZ | I3: =Resumen!B16 -> yKsios DIGITAL GROWTH
A4: 2.1. Cualificación profesional (20%) | B4: 100 | C4: MÁSTER | D4: NO lo que presenta es un CURSO DE 25 ETC | E4: DOCTOR | F4: DOCTOR | G4: DOCTOR | H4: DOCTOR | I4: DOCTOR
A5: PUNTUACIONES DE LA CUALIFICACIÓN En Base 100 puntos sin afectar por coeficiente de ponderación del 20% | C5: 75 | D5: 0 | E5: 100 | F5: 100 | G5: 100 | H5: 100 | I5: 100
A6: 2.2. Experiencia como Docente (15%) | B6: 100 | C6: ='OFERTADO VS ACREDITADO'!H4 -> 11 | D6: 31 | E6: 9 | F6: 9 | G6: 36 | H6: 229 | I6: 52
A7: PUNTUACIONES DE LA EXPERIENCIA DOCENTE En Base 100 puntos sin afectar por coeficiente de ponderación del 15% | C7: =ROUND(($B$6*C6)/(MAX($C$6:$I$6)),2) -> 4.8 | D7: =ROUND(($B$6*D6)/(MAX($C$6:$I$6)),2) -> 13.54 | E7: =ROUND(($B$6*E6)/(MAX($C$6:$I$6)),2) -> 3.93 | F7: =ROUND(($B$6*F6)/(MAX($C$6:$I$6)),2) -> 3.93 | G7: =ROUND(($B$6*G6)/(MAX($C$6:$I$6)),2) -> 15.72 | H7: =ROUND(($B$6*H6)/(MAX($C$6:$I$6)),2) -> 100 | I7: =ROUND(($B$6*I6)/(MAX($C$6:$I$6)),2) -> 22.71
A8: 2.3. Experiencia profesional adicional a la exigida en PPT como asesor en materia de contratación pública (15%) | B8: 100 | C8: 0 | D8: 5 | E8: 0 | F8: 0 | G8: 0 | H8: 7 | I8: 7
A9: PUNTUACIONES DE LA EXPERIENCIA PROFESIONAL ADICIONAL En Base 100 puntos sin afectar por coeficiente de ponderación del 15% | C9: =ROUND(($B$8*C8)/(MAX($C$8:$I$8)),2) -> 0 | D9: =ROUND(($B$8*D8)/(MAX($C$8:$I$8)),2) -> 71.43 | E9: =ROUND(($B$8*E8)/(MAX($C$8:$I$8)),2) -> 0 | F9: =ROUND(($B$8*F8)/(MAX($C$8:$I$8)),2) -> 0 | G9: =ROUND(($B$8*G8)/(MAX($C$8:$I$8)),2) -> 0 | H9: =ROUND(($B$8*H8)/(MAX($C$8:$I$8)),2) -> 100 | I9: =ROUND(($B$8*I8)/(MAX($C$8:$I$8)),2) -> 100
A10: 2.4. Publicaciones en revistas, blogs de contratación, autoría de libros, etc., relacionadas con el objeto del contrato (7%). | B10: 100 | C10: 4 | D10: 0 | E10: 5 | F10: 0 | G10: 10 | H10: 25 | I10: 21
A11: PUNTUACIONES PUBLICACIONES En Base 100 puntos sin afectar por coeficiente de ponderación del 7% | C11: 40 | D11: =ROUND(($B$10*D10)/(MAX($C$10:$I$10)),2) -> 0 | E11: 50 | F11: =ROUND(($B$10*F10)/(MAX($C$10:$I$10)),2) -> 0 | G11: 100 | H11: =ROUND(($B$10*H10)/(MAX($C$10:$I$10)),2) -> 100 | I11: 100
A12: 2.5. Colaboración internacional del consultor/a (3%) | B12: 100 | C12: NO | D12: SI | E12: NO | F12: NO | G12: SI | H12: SI | I12: SI
A13: PUNTUACIONES PUBLICACIONES En Base 100 puntos sin afectar por coeficiente de ponderación del 3% | C13: 0 | D13: 100 | E13: 0 | F13: 0 | G13: 100 | H13: 100 | I13: 100
